Map: Terraform LE (Void)

Players

wabbajack

  • Race: Zerg Zerg
  • League: Gold

FillipMorris - Winner!

  • Race: Protoss Protoss
  • League: Bronze

VOD

Have the link to the VOD?

Description

Time

  • Played on: July 20, 2015, 12:52 p.m.
  • Length: 10:58
Show
View Real Time Build Order
Export as new Build Order

wabbajack Zerg 

Build Orders: Pool First 

Get SALT Encoding   

  12  0:03  Drone  
  13  0:13  Overlord  
  13  0:18  Drone  
  14  0:26  Extractor  
  14  0:27  Drone  
  15  0:32  Drone  
  16  0:36  Drone  
  17  1:07  Spawning Pool  
  16  1:15  Extractor  
  16  1:16  Drone  
  16  1:17  Drone  
  17  1:21  Hatchery  
  17  1:22  Drone  
  17  1:41  Drone  
  17  1:42  Overlord  
  18  1:54  Zergling x2  
  18  1:58  Queen  
  21  2:03  Drone  
  21  2:04  Extractor  
  21  2:20  Metabolic Boost  
  21  2:23  Drone x2  
  23  2:33  Queen  
  25  2:38  Zergling x4  
  23  3:20  Pneumatized Carapace  
  23  3:26  Queen  
  25  3:28  Baneling Nest  
  22  3:43  Zergling x2  
  22  3:44  Zergling x2  
  24  3:50  Zergling x2  
  24  3:51  Zergling x2  
  26  3:56  Hatchery  
  24  4:09  Zergling x6  
  26  4:10  Zergling x2  
  26  4:13  Zergling x2  
  28  4:20  Overlord  
  28  4:35  Baneling x3  
  28  4:36  Baneling  
  28  4:46  Roach Warren  
  26  5:12  Spore Crawler  
  25  5:15  Drone  
  25  5:16  Drone x9  
  33  5:21  Spore Crawler  
  30  6:01  Lair  
  30  6:02  Overlord x2  
  29  6:09  Roach x4  
  29  6:11  Overlord  
  36  6:20  Drone  
  36  6:22  Roach  
  36  6:23  Roach x3  
  45  6:48  Drone x2  
  45  6:49  Spine Crawler  
  45  6:50  Spine Crawler, Roach  
  45  6:51  Roach x4  
  55  6:55  Overlord  
  55  7:08  Drone x2  
  57  7:20  Zergling x6  
  57  7:21  Zergling x10  
  65  7:28  Overlord  
  65  7:45  Drone  
  65  7:50  Ravager  
  65  7:51  Ravager x2  
  69  7:55  Baneling  
  69  7:56  Baneling  
  69  8:22  Baneling  
  69  8:23  Baneling  
  37  9:20  Drone  
  37  9:21  Drone x5  
  37  9:22  Drone x2  
  37  9:23  Overlord x2  
  37  9:24  Spire  
  43  9:32  Extractor  
  43  9:33  Drone x3  
  43  9:34  Drone  
  43  9:35  Drone x3  
  49  9:39  Spire  
  48  9:51  Extractor  
  47  9:53  Drone x3  
  50  10:02  Roach x11  
  72  10:16  Overlord x2  
  72  10:24  Drone  
  72  10:26  Hatchery  
  74  10:30  Overseer  
  74  10:34  Zergling x8  
Show
View Real Time Build Order
Export as new Build Order

FillipMorris Protoss - Winner!

Build Orders:  

Get SALT Encoding   

  12  0:01  Probe  
  13  0:17  Probe  
  14  0:21  Pylon  
  14  0:39  Probe (Chrono Boost)  
  16  0:50  Probe (Chrono Boost)  
  16  0:56  Probe  
  17  1:01  Pylon  
  17  1:08  Probe  
  18  1:17  Nexus  
  18  1:25  Forge  
  18  1:35  Gateway  
  18  2:05  Probe  
  19  2:10  Photon Cannon  
  19  2:13  Pylon  
  18  2:18  Probe  
  19  2:23  Assimilator  
  19  2:28  Assimilator  
  19  2:30  Probe  
  19  2:35  Photon Cannon  
  20  2:37  Photon Cannon  
  20  2:43  Photon Cannon  
  20  2:53  Photon Cannon  
  20  3:13  Probe (Chrono Boost)  
  20  3:22  Cybernetics Core  
  20  3:24  Probe (Chrono Boost)  
  22  3:27  Probe (Chrono Boost)  
  22  3:33  Pylon  
  24  3:34  Probe (Chrono Boost)  
  24  3:35  Probe (Chrono Boost)  
  24  3:42  Probe (Chrono Boost)  
  24  3:43  Probe (Chrono Boost)  
  24  3:47  Pylon  
  26  3:54  Probe (Chrono Boost)  
  26  3:55  Probe (Chrono Boost)  
  28  4:00  Stargate  
  28  4:01  Probe (Chrono Boost)  
  29  4:11  Probe x2  
  29  4:12  Warp Gate  
  29  4:13  Sentry  
  33  4:22  Pylon  
  33  4:23  Probe x2  
  35  4:26  Pylon  
  35  4:31  Photon Cannon  
  35  4:37  Mothership Core (Chrono Boost)  
  37  4:40  Assimilator  
  38  4:47  Probe (Chrono Boost)  
  38  4:48  Sentry (Chrono Boost)  
  38  4:51  Probe (Chrono Boost)  
  41  4:54  Probe, Assimilator  
  41  4:59  Pylon  
  42  5:03  Probe  
  42  5:06  Probe  
  43  5:15  Probe  
  43  5:18  Probe  
  33  5:25  Oracle (Chrono Boost)  
  33  5:27  Probe  
  33  5:30  Probe  
  30  5:39  Probe, Photon Cannon  
  30  5:41  Stalker  
  34  5:42  Probe  
  34  6:00  Probe x2  
  36  6:12  Probe (Chrono Boost)  
  36  6:18  Probe (Chrono Boost)  
  38  6:22  Probe (Chrono Boost)  
  40  6:26  Probe (Chrono Boost)  
  40  6:29  Probe (Chrono Boost)  
  40  6:30  Robotics Facility  
  41  6:37  Probe (Chrono Boost)  
  43  6:41  Probe (Chrono Boost)  
  43  6:44  Probe (Chrono Boost)  
  45  6:47  Probe (Chrono Boost)  
  45  6:54  Probe  
  46  6:58  Probe  
  47  7:06  Probe  
  52  7:10  Probe  
  52  7:15  Pylon  
  53  7:16  Pylon  
  53  7:18  Probe  
  53  7:21  Robotics Bay  
  53  7:22  Observer  
  55  7:23  Probe  
  52  7:30  Probe  
  52  7:33  Gateway  
  52  7:35  Probe  
  52  7:36  Gateway  
  54  7:40  Gateway  
  54  7:45  Immortal (Chrono Boost)  
  54  7:49  Probe  
  54  7:51  Probe  
  60  7:57  Gateway x2  
  60  8:04  Sentry  
  62  8:09  Pylon  
  62  8:15  Colossus (Chrono Boost)  
  68  8:31  Pylon  
  68  8:35  Pylon  
  68  8:41  Stalker  
  70  8:49  Stalker  
  70  8:50  Stalker x2  
  54  9:06  Colossus (Chrono Boost)  
  54  9:07  Probe x2  
  60  9:19  Probe  
  60  9:20  Stalker x3  
  60  9:24  Pylon  
  67  9:33  Sentry x2  
  67  9:34  Sentry  
  73  9:44  Zealot x3  
  73  9:45  Observer (Chrono Boost)  
  80  9:49  Pylon  
  80  10:12  Sentry x2  
  80  10:13  Zealot x3  
  90  10:26  Stalker  
  92  10:38  Stalker x2  
  92  10:39  Zealot  
Tags
 
Add a new tag
Caveats
  • Supply blocks, unpowered buildings, or Contaminate may cause inaccurate times.
  • Supply counts are checked every 10 seconds.